 Dungeon Crawl Stone Soup version 0.21.1-1-g345015f (webtiles) character file.

11902 poirepourri the Blocker (level 11, -3/103 HPs)
             Began as a Deep Dwarf Fighter on July 21, 2018.
             Was a Priest of Makhleb.
             Slain by Wendigo's ghost (5 damage)
             ... on level 3 of the Lair of Beasts.
             The game lasted 00:10:45 (8021 turns).

poirepourri the Blocker (Deep Dwarf Fighter)        Turns: 8021, Time: 00:10:46

Health: -3/103     AC: 14    Str: 25    XL:     11   Next: 55%
Magic:  4/4        EV: 15    Int:  9    God:    Makhleb [***...]
Gold:   300        SH: 17    Dex: 15    Spells: 10/10 levels left

rFire    . . .     SeeInvis .   a - +3 war axe
rCold    + . .     Gourm    .   c - +3 shield
rNeg     . . .     Faith    .   t - +4 scale mail {rF+}
rPois    +         Spirit   .   (no helmet)
rElec    .         Reflect  .   (no cloak)
rCorr    .         Harm     .   o - +2 pair of gloves
MR       +....                  (no boots)
Stlth    ..........             (no amulet)
HPRegen  0.00/turn              k - ring of ice
MPRegen  0.09/turn              G - ring of poison resistance

@: mighty, non-regenerating
A: damage resistance, heal wounds, sense surroundings 2, no regeneration
a: Heal Wounds, Minor Destruction, Lesser Servant of Makhleb, Renounce Religion


You were on level 3 of the Lair of Beasts.
You worshipped Makhleb.
Makhleb was most pleased with you.
You were not hungry.

You visited 3 branches of the dungeon, and saw 13 of its levels.

You collected 404 gold pieces.
You spent 104 gold pieces at shops.

Inventory:

Hand Weapons
 a - a +3 war axe (weapon)
 b - a +0 hand crossbow
 H - the +1 flail of Otusmeni {crush, Str+5}
   (You found it on level 4 of the Dungeon)

   It inflicts extra damage upon your enemies.
   It affects your strength (+5).
Missiles
 i - 6 javelins
 j - 14 bolts
 z - 12 tomahawks (quivered)
Armour
 c - a +3 shield (worn)
 o - a +2 pair of gloves (worn)
 t - a +4 scale mail of fire resistance (worn)
Jewellery
 k - a ring of ice (left hand)
 y - an uncursed amulet of guardian spirit {unknown}
 G - a ring of poison resistance (right hand)
Wands
 d - a wand of enslavement (14)
 h - a wand of acid (16)
 s - a wand of iceblast (5)
 u - a wand of polymorph (7)
 F - a wand of disintegration (19)
Scrolls
 l - 3 scrolls of fog
 n - 6 scrolls of teleportation
 r - 3 scrolls of remove curse
Potions
 e - a potion of ambrosia
 m - a potion of magic
 p - a potion of curing
 v - 2 potions of cancellation {unknown}
 x - a potion of resistance
 A - a potion of mutation {unknown}
 B - 2 potions of brilliance
Books
 w - a book of Callings

   Spells                             Type                      Level
   a - Summon Small Mammal            Summoning                    1
   b - Call Imp                       Summoning                    2
   c - Call Canine Familiar           Summoning                    3
   d - Summon Guardian Golem          Hexes/Summoning              3
   e - Summon Lightning Spire         Summoning/Air                4
   f - Summon Ice Beast               Ice/Summoning                4
 C - a book of Misfortune

   Spells                             Type                      Level
   a - Confusing Touch                Hexes                        1
   b - Confuse                        Hexes                        3
   c - Gell's Gravitas                Translocation                3
   d - Petrify                        Transmutation/Earth          4
   e - Metabolic Englaciation         Hexes/Ice                    5
   f - Yara's Violent Unravelling     Hexes/Transmutation          5
Comestibles
 f - 18 rations


   Skills:
 - Level 8.2 Fighting
 - Level 10.0 Axes
 - Level 3.2 Armour
 - Level 8.4 Dodging
 + Level 12.8 Shields


You had 10 spell levels left.
You didn't know any spells.

Dungeon Overview and Level Annotations

Branches:
Dungeon (9/15)             Temple (1/1) D:4            Lair (3/6) D:9
 Shoals (0/4) Lair:3
  Snake: Lair:2-4    Spider: Lair:2-4       Orc: D:9-12

Altars:
Ashenzari
Cheibriados
Dithmenos
Elyvilon
Fedhas
Gozag
Hepliaklqana
Kikubaaqudgha
Makhleb
Nemelex Xobeh
Okawaru
Qazlal
Ru
Sif Muna
Trog
Uskayaw
Vehumet
Wu Jian
Xom
Yredelemnul
Zin
The Shining One

Shops:
D:4 *   D:5 [   D:8 (

Annotations:
D:7 1 runed door
Lair:3 Wendigo's ghost, journeyman DsAK


Innate Abilities, Weirdness & Mutations

You are resistant to damage.
You can heal yourself by infusing magical energy.
You passively map the area around you.
You do not regenerate.


Message History

You hit Wendigo's ghost.
Wendigo's ghost is lightly damaged.
You block Wendigo's ghost's attack.
You feel very mighty all of a sudden. You block Wendigo's ghost's attack.
You hit Wendigo's ghost but do no damage.
Wendigo's ghost hits you but does no damage.
You hit Wendigo's ghost but do no damage.
Wendigo's ghost hits you!
* * * LOW HITPOINT WARNING * * *
Wendigo's ghost burns you.
You slash Wendigo's ghost!
Wendigo's ghost is lightly damaged.
Wendigo's ghost misses you.
You hit Wendigo's ghost but do no damage.
Wendigo's ghost is lightly damaged.
Wendigo's ghost hits you!!
* * * LOW HITPOINT WARNING * * *
Wendigo's ghost burns you!
You die...

######........^.........
##*#.#........###..........
*.###.............#.#......
##.#...............#.......
#..........................
##....#..................#..
#.....##................#...
*****,,,#...............)..#....
*,**,,,#.#.....@................
**,,,#.......(.W..#.............
*,,,*##...........#.....P..P..P.
**,,**#.....(........PP....≈.P..P
*,,,*#.............).#,,,,≈≈♣♣≈..
*,,**.?........%P.##.#,*,,≈≈≈≈♣≈P
,,**,.......#......#...,,,,≈≈≈≈♣.
,,*,,?.............P...,,,,≈≈♣≈≈.
,**,,,,,,,,,,,,,,,,,,***,,,,≈≈≈,,


You could see Wendigo's ghost.

Vanquished Creatures
  A hydra (Lair:2)
  A two-headed ogre (D:8)
  Nergalle (Lair:2)
  Pikel (D:4)
  4 spiny frogs
  3 komodo dragons
  A hornet (D:8)
  A polar bear (Lair:3)
  7 blink frogs (Lair:3)
  A spriggan (D:7)
  2 wyverns
  6 yaks (Lair:3)
  Edmund (D:6)
  A water moccasin (Lair:2)
  5 porcupines
  An orc warrior (D:9)
  An ice beast (D:8)
  2 phantoms
  A slave (D:4)
  6 necrophages
  A black bear (D:8)
  2 ogres
  2 wolves (Lair:3)
  A centaur (D:6)
  5 crocodiles
  Blork the orc (D:5)
  A big kobold (D:7)
  4 bullfrogs
  5 killer bees (D:7)
  5 wights (D:6)
  2 crimson imps (D:6)
  2 jellies
  A quasit (D:8)
  2 centaur zombies
  5 hounds
  A bullfrog skeleton (D:4)
  A centaur skeleton (D:8)
  4 orc priests
  3 iguanas
  6 worker ants
  A killer bee zombie (D:7)
  A hound zombie (D:9)
  A hound skeleton (D:7)
  Robin (D:3)
  3 gnolls (D:6)
  2 adders
  A shadow imp (D:5)
  2 oozes
  An adder skeleton (D:8)
  4 worms
  4 leopard geckos
  17 orcs
  3 bats
  3 giant cockroaches
  13 goblins
  8 hobgoblins
  4 jackals (D:8)
  16 kobolds
  3 quokkas
  3 ball pythons
  2 frilled lizards
  A jackal zombie (D:6)
  A quokka skeleton (D:8)
  4 rats
  A fungus (D:9)
201 creatures vanquished.

Vanquished Creatures (collateral kills)
  A polar bear (Lair:3)
  A spriggan (Lair:3)
  A black bear (Lair:3)
  A wolf (Lair:3)
4 creatures vanquished.

Vanquished Creatures (others)
  An orc (D:7)
  A quokka (D:4)
  A plant (Lair:2)
3 creatures vanquished.

Grand Total: 208 creatures vanquished

Notes
Turn   | Place    | Note
-------+----------+-------------------------------------------
     0 | D:1      | poirepourri the Deep Dwarf Fighter began the quest for the Orb.
     0 | D:1      | Reached XP level 1. HP: 20/20 MP: 1/1
   605 | D:1      | Reached XP level 2. HP: 25/27 MP: 2/2
   731 | D:2      | Found a hazy altar of Hepliaklqana.
  1234 | D:3      | Reached XP level 3. HP: 20/33 MP: 3/3
  1728 | D:3      | Reached XP level 4. HP: 19/40 MP: 4/4
  1738 | D:3      | Reached skill level 5 in Axes
  1754 | D:3      | Found an ancient bone altar of Kikubaaqudgha.
  1762 | D:3      | Found a shattered altar of Ashenzari.
  1765 | D:3      | Found a sparkling altar of Nemelex Xobeh.
  1784 | D:3      | Found a glowing silver altar of Zin.
  1787 | D:3      | Found an iron altar of Okawaru.
  2006 | D:4      | Noticed Robin
  2015 | D:3      | Killed Robin
  2045 | D:4      | Got a transparent flail
  2046 | D:4      | Identified the cursed +1 flail of Otusmeni {crush, Str+5} (You found it on level 4 of the Dungeon)
  2092 | D:4      | Reached XP level 5. HP: 45/46 MP: 4/4
  2100 | D:4      | Found a bloodstained altar of Trog.
  2160 | D:4      | Noticed a slave
  2160 | D:4      | Noticed a slave
  2160 | D:4      | Noticed a slave
  2161 | D:4      | Noticed Pikel
  2161 | D:4      | Noticed a slave
  2178 | D:4      | Killed a slave
  2214 | D:4      | Killed Pikel
  2214 | D:4      | Reached XP level 6. HP: 41/55 MP: 5/5
  2214 | D:4      | Reached XP level 7. HP: 46/61 MP: 6/6
  2248 | D:4      | Found Kur Yre's General Store.
  2254 | D:4      | Bought a scroll of enchant weapon for 82 gold pieces
  2254 | D:4      | Bought a scroll of identify for 22 gold pieces
  2669 | D:4      | Found a staircase to the Ecumenical Temple.
  2679 | Temple   | Entered the Ecumenical Temple
  2881 | Temple   | Became a worshipper of Makhleb the Destroyer
  3217 | D:5      | Entered Level 5 of the Dungeon
  3479 | D:5      | Found Ahoppesie's Armour Shoppe.
  3485 | D:5      | Noticed Blork the orc
  3491 | D:5      | Killed Blork the orc
  3515 | D:5      | Reached skill level 10 in Axes
  3646 | D:5      | Reached XP level 8. HP: 36/69 MP: 7/7
  4003 | D:6      | Noticed Edmund
  4008 | D:6      | Killed Edmund
  4236 | D:6      | Reached skill level 5 in Fighting
  4266 | D:6      | Found a bloodstained altar of Trog.
  4486 | D:6      | Reached * piety under Makhleb
  4638 | D:6      | Found a basalt altar of Yredelemnul.
  4638 | D:6      | Found a hide-covered altar of Uskayaw.
  4825 | D:7      | Gained mutation: You passively map the area around you. [Deep Dwarf growth]
  4825 | D:7      | Reached XP level 9. HP: 64/86 MP: 8/8
  5012 | D:7      | Found a runed door.
  5012 | D:7      | Noticed a sixfirhy
  5093 | D:7      | Reached skill level 1 in Dodging
  5170 | D:7      | Reached ** piety under Makhleb
  5615 | D:8      | Paralysed by a hornet for 1 turns
  5725 | D:8      | Reached skill level 5 in Dodging
  5728 | D:8      | Found Pyisogil's Antique Weapon Boutique.
  6194 | D:8      | Noticed a two-headed ogre
  6208 | D:8      | Killed a two-headed ogre
  6208 | D:8      | Reached XP level 10. HP: 91/96 MP: 8/8
  6307 | D:9      | Reached skill level 4 in Shields
  6317 | D:9      | Found a staircase to the Lair.
  6331 | Lair:1   | Entered Level 1 of the Lair of Beasts
  6435 | Lair:1   | Reached skill level 5 in Shields
  6697 | Lair:1   | Noticed a spiny frog
  6706 | Lair:1   | Killed a spiny frog
  6706 | Lair:1   | Reached skill level 6 in Shields
  6732 | Lair:1   | Noticed a spiny frog
  6741 | Lair:1   | Killed a spiny frog
  6833 | Lair:1   | Noticed a spiny frog
  6845 | Lair:1   | Killed a spiny frog
  6845 | Lair:1   | Reached skill level 7 in Shields
  7041 | Lair:2   | Noticed Nergalle
  7058 | Lair:2   | Reached skill level 8 in Shields
  7069 | Lair:2   | Killed Nergalle
  7069 | Lair:2   | Reached skill level 9 in Shields
  7143 | Lair:2   | Noticed an eight-headed hydra
  7157 | Lair:2   | Noticed a spiny frog
  7157 | Lair:2   | HP: 3/96 [eight-headed hydra (4)]
  7165 | Lair:2   | Killed an eight-headed hydra
  7165 | Lair:2   | Reached skill level 10 in Shields
  7176 | Lair:2   | Killed a spiny frog
  7176 | Lair:2   | Reached XP level 11. HP: 48/103 MP: 6/6
  7796 | Lair:3   | Reached skill level 11 in Shields
  7808 | Lair:3   | Reached *** piety under Makhleb
  7822 | Lair:3   | Reached skill level 12 in Shields
  8007 | Lair:3   | Noticed Wendigo's ghost (journeyman DsAK)
  8021 | Lair:3   | HP: 2/103 [Wendigo's ghost (20)]
  8021 | Lair:3   | Slain by Wendigo's ghost

Skill      XL: |  1  2  3  4  5  6  7  8  9 10 11 |
---------------+----------------------------------+-----
Axes           | 3 4 5 8 10 | 10.0
Fighting       | 3 7 8 |  8.2
Dodging        | 8 |  8.4
Shields        | 10 12 | 12.8
Armour         | |  3.2

Action                   |  1- 3 |  4- 6 |  7- 9 | 10-12 || total
-------------------------+-------+-------+-------+-------++-------
Melee: War axe           |   111 |    62 |   320 |   197 ||   690
       Unarmed           |       |     8 |       |       ||     8
       Flail             |       |       |       |    12 ||    12
 Fire: Hand crossbow     |       |       |       |    12 ||    12
 Abil: Heal Wounds       |       |     1 |     4 |    14 ||    19
Evoke: Wand              |       |       |     4 |     1 ||     5
  Use: Scroll            |    14 |     1 |     6 |     7 ||    28
       Potion            |     5 |       |     8 |     4 ||    17
 Stab: Invisible         |       |       |     7 |       ||     7
  Eat: Ration            |     2 |       |     4 |       ||     6
       Chunk             |       |       |       |     3 ||     3
Armor: Scale mail        |    65 |    24 |   123 |    97 ||   309
       Skin              |       |     1 |       |       ||     1
Dodge: Dodged            |    23 |    19 |    75 |   157 ||   274
Block: Shield            |    80 |    47 |   224 |   230 ||   581
